Map: Cactus Valley LE (Void)

Players

SerraAngelDK - Winner!

  • Race: Zerg Zerg
  • League: Diamond
  • Spawn Location: 7:00

Musumeci

  • Race: Zerg Zerg
  • League: Diamond
  • Spawn Location: 1:00

VOD

Have the link to the VOD?

Description

Time

  • Played on: March 8, 2017, 2:48 p.m.
  • Length: 6:22
Show
View Real Time Build Order
Export as new Build Order

SerraAngelDK Zerg - Winner!

Build Orders: Hatch First 

Get SALT Encoding   

  12  0:01  Drone  
  13  0:12  Overlord  
  13  0:20  Drone  
  14  0:30  Drone x2  
  14  0:35  Drone  
  17  0:53  Hatchery  
  17  0:55  Drone  
  17  1:09  Spawning Pool  
  16  1:12  Drone  
  16  1:17  Drone, Extractor  
  17  1:21  Drone  
  18  1:28  Drone  
  19  1:40  Drone  
  20  1:50  Overlord  
  20  1:56  Queen  
  22  2:05  Queen  
  22  2:07  Overlord  
  24  2:09  Drone  
  24  2:12  Drone  
  26  2:16  Drone  
  27  2:23  Roach Warren  
  27  2:28  Drone  
  27  2:29  Drone  
  28  2:33  Drone  
  29  2:47  Overlord x2  
  29  2:50  Metabolic Boost  
  29  2:59  Spore Crawler  
  29  3:02  Zergling x2  
  29  3:03  Zergling x4  
  32  3:07  Overlord  
  32  3:08  Overlord  
  32  3:14  Roach  
  32  3:15  Zergling x2  
  34  3:28  Roach x3  
  34  3:33  Zergling x4  
  42  3:43  Queen  
  42  3:45  Roach  
  44  3:55  Roach  
  46  3:56  Zergling x8  
  45  4:09  Roach  
  47  4:18  Roach, Zergling x2  
  47  4:19  Zergling x6  
  53  4:29  Roach  
  53  4:30  Zergling x4  
  57  4:41  Roach  
  58  4:47  Zergling x2  
  59  4:54  Roach, Zergling x2  
  59  4:55  Zergling x6  
  65  5:19  Zergling x2  
  65  5:20  Zergling x12  
  70  5:35  Zergling x4  
  55  6:03  Zergling x2  
  55  6:04  Zergling x2  
Show
View Real Time Build Order
Export as new Build Order

Musumeci Zerg 

Build Orders: Hatch First 

Get SALT Encoding   

  12  0:01  Drone  
  13  0:13  Drone  
  14  0:16  Drone, Extractor  
  15  0:41  Hatchery  
  14  0:45  Extractor  
  14  0:46  Drone  
  15  0:54  Extractor  
  14  1:02  Drone, Extractor  
  15  1:10  Spawning Pool  
  14  1:18  Overlord  
  14  1:24  Extractor  
  13  1:27  Drone  
  15  1:34  Evolution Chamber  
  15  1:38  Drone  
  15  1:43  Drone  
  16  1:56  Metabolic Boost  
  16  1:58  Zergling x2  
  17  2:05  Zergling x2  
  18  2:14  Queen  
  20  2:18  Zergling x2  
  21  2:25  Drone  
  22  2:32  Baneling Nest  
  21  2:38  Zergling x2  
  22  2:45  Overlord  
  22  2:55  Zergling x6  
  23  3:25  Zergling x2  
  23  3:26  Zergling x10  
  28  3:32  Baneling  
  28  3:33  Baneling  
  28  3:38  Zergling x8  
  30  3:49  Zergling x4  
  31  4:01  Zergling x4  
  28  4:21  Zergling x8  
  32  4:25  Queen  
  34  4:45  Zergling x4  
  36  4:46  Overlord  
  36  4:51  Evolution Chamber  
  34  5:17  Spine Crawler, Baneling x2  
  34  5:20  Spine Crawler  
  28  5:41  Zergling x12  
  28  5:42  Zergling x6  
  25  5:54  Zergling x8  
Tags
 
Add a new tag
Caveats
  • Supply blocks, unpowered buildings, or Contaminate may cause inaccurate times.
  • Supply counts are checked every 10 seconds.